 Dungeon Crawl Stone Soup version 0.28-a0-1184-g53156a8862 (webtiles) character file.

Game seed: 8817172537094238048

715 ragingrage the Sneak (level 7, -1/55 HPs)
             Began as a Demigod Wanderer on Dec 15, 2021.
             Slain by a sky beast (6 damage)
             ... on level 6 of the Dungeon on Dec 18, 2021.
             The game lasted 00:09:25 (6408 turns).

ragingrage the Sneak (Demigod Wanderer)             Turns: 6408, Time: 00:09:25

Health: -1/55      AC:  4    Str: 15    XL:     7   Next: 18%
Magic:  8/13       EV: 11    Int: 18    God:
Gold:   241        SH:  0    Dex: 15    Spells: 6/10 levels left

rFire   . . .      SeeInvis .   a - +2 dagger
rCold   . . .      Faith    .   (no shield)
rNeg    . . .      Spirit   .   d - +0 robe
rPois   .          Reflect  .   o - +0 helmet
rElec   .          Harm     .   (no cloak)
rCorr   .          Rampage  .   k - +0 pair of gloves
Will    .....                   (no boots)
Stlth   +++.......              (no amulet)
HPRegen 0.18/turn               (no ring)
MPRegen 0.13/turn               (no ring)

@: no status effects
A: high mp 1, forlorn, divine attributes
a: no special abilities


You were on level 6 of the Dungeon.
You visited 1 branch of the dungeon, and saw 6 of its levels.

You collected 241 gold pieces.

Inventory:

Hand Weapons
 a - a +2 dagger (weapon)
 e - a +0 short sword of flaming
 q - a +1 mace of holy wrath
Missiles
 m - 6 poisoned darts
Armour
 d - a +0 robe (worn)
 k - a +0 pair of gloves (worn)
 o - a +0 helmet (worn)
Jewellery
 g - a ring of ice
Wands
 l - a wand of digging (2)
Scrolls
 f - a scroll of blinking {unknown}
 h - 2 scrolls of magic mapping {unknown}
 i - a scroll of fog {unknown}
 j - 4 scrolls of identify {unknown}
 n - a scroll of silence {unknown}
 r - 2 scrolls of teleportation {unknown}
 s - a scroll of amnesia {unknown}
Potions
 b - a potion of brilliance
 c - 3 potions of curing
 p - 2 potions of berserk rage {unknown}
 t - 2 potions of heal wounds


   Skills:
 - Level 2.2 Fighting
 - Level 1.0 Armour
 - Level 1.0 Dodging
 - Level 6.4 Stealth
 + Level 3.3 Unarmed Combat
 - Level 2.4 Spellcasting
 + Level 3.3 Transmutations
 - Level 1.1 Poison Magic


You had 6 spell levels left.
You knew the following spells:

 Your Spells              Type           Power      Damage    Failure   Level
a - Sting                 Tmut/Pois      40%        1d5       7%          1
b - Spider Form           Tmut/Pois      10%        N/A       21%         3

Your spell library contained the following spells:

 Spells                   Type           Power      Damage    Failure   Level


Dungeon Overview and Level Annotations

Branches:
Dungeon (6/15)
 Temple: D:4-7

Annotations:
D:3 exclusion: downstairs
D:4 exclusion: downstairs


Innate Abilities, Weirdness & Mutations

You have an increased reservoir of magic. (+10% MP)
You shall have no god before yourself.
Your divine heritage dramatically boosts your attributes as you level up.


Message History

[Y]es or [N]o only, please.
That beam is likely to hit you.
Continue anyway?
Okay, then.
Something hits you. Something shocks you.
A scorpion comes into view.
You see here a bullfrog corpse.
There is a stone staircase leading down here.
You climb downwards.
You hear the hiss of flowing sand.
There is an entrance to an ossuary on this level.
Hurry and find it before the portal is buried!
Reactivating autopickup.
Found 22 stones.
There is a stone staircase leading up here.
You start resting.
Something hits you. Something shocks you.
* * * LOW HITPOINT WARNING * * *
Deactivating autopickup; reactivate with Ctrl-A.
Aiming: Sting (safe; 7% risk of failure)
Press: ? - help, Q - select action, (/) - cycle Shift-Dir - straight line, f - you That beam is likely to hit you.
Continue anyway?
Okay, then.
A sky beast appears from thin air!
Reactivating autopickup.
The sky beast hits you.
* * * LOW HITPOINT WARNING * * *
The sky beast shocks you.
* * * LOW HITPOINT WARNING * * *
Aiming: Sting (safe; 7% risk of failure)
Press: ? - help, Q - select action, (/) - cycle Shift-Dir - straight line, f - sky beast
Aim: a sky beast (moderately wounded, 60% to hit)
The sting hits the sky beast.
The sky beast is poisoned.
The sky beast is moderately wounded.
Aiming: Sting (safe; 7% risk of failure)
Press: ? - help, Q - select action, (/) - cycle Shift-Dir - straight line, f/p - sky beast
Aim: a sky beast (heavily wounded, poisoned, 60% to hit)
The sting hits the sky beast.
The sky beast looks even sicker.
The sky beast is heavily wounded.
The sky beast hits you.
* * * LOW HITPOINT WARNING * * *
The sky beast shocks you.
You die...

# #.## ..... ##
......###.#
.......@#.#######
........Y##.....#.#
...........<.......
...................
...................
.###...............
#...............
##..............
#..............


You could see a sky beast (very poisoned).

Vanquished Creatures
  Grinder (D:4)
  Blork the orc (D:5)
  A bullfrog (D:5)
  A jelly (D:5)
  A centaur zombie (D:5)
  3 orc priests
  An orc wizard (D:4)
  3 gnolls (D:3)
  6 adders
  3 adder skeletons (D:4)
  2 worms
  3 dart slugs
  16 orcs
  5 bats
  7 endoplasms
  4 giant cockroaches
  5 hobgoblins
  6 jackals
  3 quokkas
  9 ball pythons
  4 frilled lizards
  6 goblins
  6 kobolds
  12 rats
109 creatures vanquished.

Notes
Turn   | Place    | Note
-------+----------+-------------------------------------------
     0 | D:1      | ragingrage the Demigod Wanderer began the quest for the
                  | Orb.
     0 | D:1      | ragingrage set off with the following items: a +2 dagger, a
                  | potion of brilliance, a potion of curing, a +0 robe; and
                  | the following spell memorised: Sting; and the following
                  | spells available to memorise: Spider Form
     0 | D:1      | Reached XP level 1. HP: 16/16 MP: 4/4
    78 | D:1      | Upgraded the game from 0.28-a0-1159-g27aa881441 to
                  | 0.28-a0-1184-g53156a8862
   410 | D:1      | Reached skill level 1 in Poison Magic
   501 | D:1      | Reached XP level 2. HP: 23/23 MP: 3/5
  1659 | D:2      | Reached XP level 3. HP: 25/28 MP: 7/7
  2313 | D:2      | Reached skill level 5 in Stealth
  2790 | D:3      | Reached XP level 4. HP: 30/36 MP: 9/9
  3751 | D:4      | Reached XP level 5. HP: 31/41 MP: 6/11
  3762 | D:4      | Noticed Grinder
  3770 | D:3      | Learned a level 3 spell: Spider Form
  4045 | D:4      | Reached skill level 1 in Unarmed Combat
  4217 | D:4      | Paralysed by Grinder for 2 turns
  4225 | D:4      | Killed Grinder
  4226 | D:4      | Reached XP level 6. HP: 35/48 MP: 6/12
  4660 | D:4      | Reached skill level 6 in Stealth
  5335 | D:5      | Entered Level 5 of the Dungeon
  5490 | D:5      | Noticed Blork the orc
  5595 | D:5      | Killed Blork the orc
  5892 | D:5      | Reached XP level 7. HP: 37/55 MP: 1/13
  6408 | D:6      | Slain by a sky beast

Illustrated notes

Levels and vault maps discovered:
D:1:      matt_arrival_los_fun, layout_basic
D:2:      layout_rooms, kennysheep_generic_room_6
D:3:      layout_basic, ebering_ecumenical_altar_rust
D:4:      layout_basic, minmay_fountain_box, grunt_ministairs_2,
          chequers_serial_rivers_micro_b, supply_closet_lemuel, uniq_grinder
D:5:      layout_gridville, minitemple, mainiacjoe_overflow_cross_hatched,
          uniq_blork_the_orc
D:6:      layout_layer_cave, gup_ossuary_entry_pyramid, serial_glass,
          glass_columns_a, glass_columns_a, glass_columns_b, glass_columns_b,
          glass_columns_a, glass_columns_b, glass_columns_b, glass_columns_c,
          glass_columns_a, glass_columns_b, glass_columns_b, glass_columns_b,
          glass_columns_c, glass_columns_b, serial_shops, shop

Skill      XL: |  1  2  3  4  5  6  7 |
---------------+----------------------+-----
Poison Magic   | 1 |  1.1
Stealth        | 5 6 |  6.4
Fighting       | 2 |  2.2
Spellcasting   | 2 |  2.4
Unarmed Combat | 2 3 |  3.3
Transmutations | 2 3 |  3.3
Armour         | |  1.0
Dodging        | |  1.0

Action                   |  1- 3 |  4- 6 |  7- 9 || total
-------------------------+-------+-------+-------++-------
Melee: Dagger            |   114 |   146 |    17 ||   277
       Punch             |       |     2 |     1 ||     3
Throw: Dart              |       |    11 |       ||    11
 Cast: Sting             |    43 |    92 |    18 ||   153
  Use: Potion            |       |     5 |       ||     5
 Stab: Sleeping          |    11 |     5 |       ||    16
       Distracted        |       |     1 |       ||     1
Armor: Robe              |    36 |    62 |     9 ||   107
       Skin              |       |    22 |       ||    22
Dodge: Dodged            |    82 |   132 |    14 ||   228

Table legend: (Time is in decaauts)
 A = Elapsed time spent in this place.
 B = Non-inter-level travel time spent in this place.
 C = Inter-level travel time spent in this place.
 D = Time resting spent in this place.
 E = Time spent auto-exploring this place.
 F = Levels seen in this place.
 G = Mean time per level.
                   A        B        C        D        E       F      G
               +--------+--------+--------+--------+--------+-----+--------+
         Total |   6394 |   6131 |    263 |   2322 |   2655 |   6 | 1065.7 |
       Dungeon |   6394 |   6131 |    263 |   2322 |   2655 |   6 | 1065.7 |
               +--------+--------+--------+--------+--------+-----+--------+

Top non-repeatable levels by time:
     D:1: 1666 daAuts
     D:4: 1485 daAuts
     D:2: 1152 daAuts
     D:3: 1097 daAuts
     D:5: 985 daAuts
     D:6: 6 daAuts
